SAA
LONG ISLAND SEAWOLVES @ MARQUETTE MINERS
07/26/2023
 
TOP OF THE 1ST
Long Island Seawolves batting - Pitching for Marquette Miners : LHP Ramiro García
Pitching: LHP Ramiro García
Batting: LHB Keith Alexander 0-0: Ball
1-0: Ball
2-0: Ball
3-0: Called Strike
3-1: TRIPLE (Line Drive, 78M)
Batting: RHB Mal Bussard 0-0: Called Strike
0-1: Ball
1-1: Called Strike
1-2: Ball
2-2: Ground out 5-3 (Groundball, 56)
Keith Alexander scores
Batting: RHB Menno van de Vlugt 0-0: Ball
1-0: Called Strike
1-1: Swinging Strike
1-2: Foul Ball, location: 2F
1-2: Strikes out looking
Batting: RHB Miguel Rodríguez 0-0: Ball
1-0: Called Strike
1-1: Fly out, F9 (Flyball, 9S)
Top of the 1st over - 1 run(s), 1 hit(s), 0 error(s), 0 left on base; Long Island 1 - Marquette 0
BOTTOM OF THE 1ST
Marquette Miners batting - Pitching for Long Island Seawolves : LHP Jim Unknown
Pitching: LHP Jim Unknown
Batting: RHB Félix De La Hoya 0-0: Ball
1-0: Ball
2-0: Called Strike
2-1: Foul Ball, location: 2F
2-2: Foul Ball, location: 2F
2-2: Ball
3-2: Strikes out swinging, 2-3 out at first.
Batting: RHB José Vázquez 0-0: Called Strike
0-1: Foul Ball, location: 2F
0-2: Ball
1-2: Ball
2-2: Ground out 6-3 (Groundball, 6M)
Batting: RHB Ed Adams 0-0: Ball
1-0: Ball
2-0: Ball
3-0: Swinging Strike
3-1: Swinging Strike
3-2: Strikes out swinging
Bottom of the 1st over - 0 run(s), 0 hit(s), 0 error(s), 0 left on base; Long Island 1 - Marquette 0
TOP OF THE 2ND
Long Island Seawolves batting - Pitching for Marquette Miners : LHP Ramiro García
Batting: RHB Francisco García 0-0: Ball
1-0: Ground out 4-3 (Groundball, 4)
Batting: RHB Mario Rivera 0-0: Fly out, F3 (Popup, 3SF)
Batting: LHB Scott Britt 0-0: Swinging Strike
0-1: Foul Ball, location: 2F
0-2: Strikes out looking
Top of the 2nd over - 0 run(s), 0 hit(s), 0 error(s), 0 left on base; Long Island 1 - Marquette 0
BOTTOM OF THE 2ND
Marquette Miners batting - Pitching for Long Island Seawolves : LHP Jim Unknown
Batting: RHB Carlos Trujillo 0-0: Called Strike
0-1: Ball
1-1: Called Strike
1-2: Foul Ball, location: 2F
1-2: Foul Ball, location: 2F
1-2: Foul Ball, location: 2F
1-2: Ball
2-2: Foul Ball, location: 2F
2-2: Ball
3-2: Foul Ball, location: 2F
3-2: Base on Balls
Batting: RHB Alfredo Martínez 0-0: Ball
1-0: DOUBLE (Line Drive, 78D)
Carlos Trujillo to third
Runner from 3rd tries for Home, SAFE, throw made home
Batting: RHB Dave Moulin 0-0: Fly out, F8 (Flyball, 89M)
Batting: RHB Ken Little 0-0: Ball
1-0: Ball
2-0: Ball
Alfredo Martínez is caught stealing 3rd base
3-0: Called Strike
3-1: SINGLE (Groundball, 6MD)
Batting: RHB Brad Brown 0-0: Ball
1-0: Called Strike
1-1: Ball
2-1: Fly out, F9 (Line Drive, 9M)
Bottom of the 2nd over - 1 run(s), 2 hit(s), 0 error(s), 1 left on base; Long Island 1 - Marquette 1
TOP OF THE 3RD
Long Island Seawolves batting - Pitching for Marquette Miners : LHP Ramiro García
Batting: RHB Jim Unknown 0-0: Ground out 4-3 (Groundball, 4M)
Batting: LHB Jim Unknown 0-0: Ball
1-0: Foul Ball, location: 2F
1-1: Foul Ball, location: 2F
1-2: Ground out 4-3 (Groundball, 4)
Batting: LHB Keith Alexander 0-0: Swinging Strike
0-1: Ball
1-1: Called Strike
1-2: Ball
2-2: Ball
3-2: Strikes out swinging
Top of the 3rd over - 0 run(s), 0 hit(s), 0 error(s), 0 left on base; Long Island 1 - Marquette 1
BOTTOM OF THE 3RD
Marquette Miners batting - Pitching for Long Island Seawolves : LHP Jim Unknown
Batting: SHB Dylan Carson 0-0: Called Strike
0-1: Swinging Strike
0-2: Ground out 5-3 (Groundball, 56S)
Batting: RHB Félix De La Hoya 0-0: Called Strike
0-1: Fly out, F7 (Flyball, 7M)
Batting: RHB José Vázquez 0-0: Ball
1-0: Called Strike
1-1: Fly out, F7 (Popup, 56D)
Bottom of the 3rd over - 0 run(s), 0 hit(s), 0 error(s), 0 left on base; Long Island 1 - Marquette 1
TOP OF THE 4TH
Long Island Seawolves batting - Pitching for Marquette Miners : LHP Ramiro García
Batting: RHB Mal Bussard 0-0: Ball
1-0: Foul Ball, location: 2F
1-1: Swinging Strike
1-2: Foul Ball, location: 2F
1-2: Fly out, F3 (Popup, 3DF)
Batting: RHB Menno van de Vlugt 0-0: Ball
1-0: Foul Ball, location: 2F
1-1: Ball
2-1: Foul Ball, location: 2F
2-2: Fly out, F4 (Popup, 34)
Batting: RHB Miguel Rodríguez 0-0: Ball
1-0: Ball
2-0: Called Strike
2-1: Called Strike
2-2: Strikes out swinging
Top of the 4th over - 0 run(s), 0 hit(s), 0 error(s), 0 left on base; Long Island 1 - Marquette 1
BOTTOM OF THE 4TH
Marquette Miners batting - Pitching for Long Island Seawolves : LHP Jim Unknown
Batting: RHB Ed Adams 0-0: Foul Ball, location: 2F
0-1: Foul Ball, location: 2F
0-2: Ball
1-2: Foul Ball, location: 2F
1-2: Ball
2-2: Foul Ball, location: 2F
2-2: SINGLE (Groundball, 6M)
Batting: RHB Carlos Trujillo 0-0: Called Strike
0-1: Called Strike
0-2: Strikes out looking
Batting: RHB Alfredo Martínez 0-0: Ball
1-0: Ball
2-0: Ball
3-0: Called Strike
3-1: Called Strike
3-2: Grounds into double play, 6-4-3 (Groundball, 6)
Bottom of the 4th over - 0 run(s), 1 hit(s), 0 error(s), 0 left on base; Long Island 1 - Marquette 1
TOP OF THE 5TH
Long Island Seawolves batting - Pitching for Marquette Miners : LHP Ramiro García
Batting: RHB Francisco García 0-0: Ball
1-0: Ball
2-0: Foul Ball, location: 2F
2-1: Called Strike
2-2: Foul Ball, location: 2F
2-2: SINGLE (Line Drive, 89S)
Batting: RHB Mario Rivera 0-0: Bunted foul
0-1: Sac Bunt - play at first, batter OUT! 2-4
Francisco García to second
Batting: LHB Scott Britt 0-0: Ball
1-0: Foul Ball, location: 2F
1-1: Foul Ball, location: 2F
1-2: Ball
2-2: Foul Ball, location: 2F
2-2: Strikes out looking
Batting: RHB Jim Unknown 0-0: Swinging Strike
0-1: Foul Ball, location: 2F
0-2: Ball
1-2: Strikes out swinging
Top of the 5th over - 0 run(s), 1 hit(s), 0 error(s), 1 left on base; Long Island 1 - Marquette 1
BOTTOM OF THE 5TH
Marquette Miners batting - Pitching for Long Island Seawolves : LHP Jim Unknown
Batting: RHB Dave Moulin 0-0: Ball
1-0: Ball
2-0: Called Strike
2-1: Swinging Strike
2-2: Ball
3-2: Strikes out swinging
Batting: RHB Ken Little 0-0: Ball
1-0: Fly out, F3 (Popup, 34)
Batting: RHB Brad Brown 0-0: Ball
1-0: Swinging Strike
1-1: Swinging Strike
1-2: Ball
2-2: Strikes out swinging
Bottom of the 5th over - 0 run(s), 0 hit(s), 0 error(s), 0 left on base; Long Island 1 - Marquette 1
TOP OF THE 6TH
Long Island Seawolves batting - Pitching for Marquette Miners : LHP Ramiro García
Batting: LHB Jim Unknown 0-0: Called Strike
0-1: Ball
1-1: Called Strike
1-2: Foul Ball, location: 2F
1-2: Foul Ball, location: 2F
1-2: Strikes out swinging passed ball, reaches first!
Batting: LHB Keith Alexander 0-0: Ball
1-0: Bunt missed!
1-1: Sac Bunt - play at first, batter OUT! 1-4
Jim Unknown to second
Batting: RHB Mal Bussard 0-0: Called Strike
0-1: Foul Ball, location: 2F
0-2: Ball
Wild Pitch!
Jim Unknown to third
1-2: Ball
2-2: Foul Ball, location: 2F
2-2: Ground out 6-3 (Groundball, 56)
Batting: RHB Menno van de Vlugt 0-0: Called Strike
0-1: Swinging Strike
0-2: Ball
1-2: Foul Ball, location: 2F
1-2: Ball
2-2: Strikes out swinging
Top of the 6th over - 0 run(s), 0 hit(s), 0 error(s), 1 left on base; Long Island 1 - Marquette 1
BOTTOM OF THE 6TH
Marquette Miners batting - Pitching for Long Island Seawolves : LHP Jim Unknown
Batting: SHB Dylan Carson 0-0: Called Strike
0-1: Ball
1-1: Ground out 6-3 (Groundball, 6M)
Batting: RHB Félix De La Hoya 0-0: Ball
1-0: Ball
2-0: Swinging Strike
2-1: Called Strike
2-2: Foul Ball, location: 2F
2-2: Ball
3-2: Base on Balls
Batting: RHB José Vázquez 0-0: Ball
Wild Pitch!
Félix De La Hoya to second
1-0: Ball
2-0: Ball
3-0: Called Strike
3-1: Base on Balls
Batting: RHB Ed Adams 0-0: Ball
1-0: Ball
2-0: Fielders Choice at 2nd, U4 (Groundball, 4M)
Félix De La Hoya to third
Batting: RHB Carlos Trujillo 0-0: Foul Ball, location: 2F
0-1: Foul Ball, location: 2F
0-2: Ball
1-2: Fielders Choice at 2nd, 5-4 (Groundball, 56)
Bottom of the 6th over - 0 run(s), 0 hit(s), 0 error(s), 1 left on base; Long Island 1 - Marquette 1
TOP OF THE 7TH
Long Island Seawolves batting - Pitching for Marquette Miners : LHP Ramiro García
Batting: RHB Miguel Rodríguez 0-0: Ball
1-0: Ball
2-0: Called Strike
2-1: Foul Ball, location: 2F
2-2: DOUBLE (Line Drive, 7LS)
Batting: RHB Francisco García 0-0: Intentional Walk
Batting: RHB Mario Rivera 0-0: Bunt missed!
0-1: Sac Bunt - play at third, runner OUT! 1-6
Francisco García to second
Pinch Hitting: RHB Jim Unknown 0-0: Foul Ball, location: 2F
0-1: Ball
1-1: Ball
2-1: Swinging Strike
2-2: Ball
3-2: Foul Ball, location: 2F
3-2: SINGLE (Line Drive, 56)
Francisco García to third
Mario Rivera to second
Runner from 3rd tries for Home, SAFE, no throw or cutoff
Batting: RHB Jim Unknown 0-0: Ball
1-0: Fly out, F5 (Line Drive, 5)
Batting: LHB Jim Unknown 0-0: Ball
1-0: Ball
2-0: Called Strike
2-1: Fly out, F5 (Line Drive, 56)
Top of the 7th over - 1 run(s), 2 hit(s), 0 error(s), 2 left on base; Long Island 2 - Marquette 1
BOTTOM OF THE 7TH
Marquette Miners batting - Pitching for Long Island Seawolves : LHP Jim Unknown
Now at 1B: Jim Unknown
Batting: RHB Alfredo Martínez 0-0: Ball
1-0: Swinging Strike
1-1: SINGLE (Flyball, 9LS)
Pitching: LHP Jim Unknown
Batting: RHB Dave Moulin 0-0: Bunt missed!
0-1: Sac Bunt - play at first, batter OUT! 3-4
Alfredo Martínez to second
Batting: RHB Ken Little 0-0: Called Strike
0-1: Ball
1-1: Ground out 6-3 (Groundball, 6)
Alfredo Martínez to third
Batting: RHB Brad Brown 0-0: Fly out, F8 (Flyball, 8LM)
Bottom of the 7th over - 0 run(s), 1 hit(s), 0 error(s), 1 left on base; Long Island 2 - Marquette 1
TOP OF THE 8TH
Long Island Seawolves batting - Pitching for Marquette Miners : LHP Ramiro García
Batting: LHB Keith Alexander 0-0: Foul Ball, location: 2F
0-1: Foul Ball, location: 2F
0-2: Ball
1-2: Foul Ball, location: 2F
1-2: Foul Ball, location: 2F
1-2: Ball
2-2: Foul Ball, location: 2F
2-2: SINGLE (Line Drive, 56)
Pitching: RHP Carlos Ibarra
Batting: RHB Mal Bussard 0-0: Called Strike
0-1: Called Strike
0-2: Fly out, F9 (Line Drive, 9LM)
Batting: RHB Menno van de Vlugt 0-0: Grounds into double play, 6-4-3 (Groundball, 6)
Top of the 8th over - 0 run(s), 1 hit(s), 0 error(s), 0 left on base; Long Island 2 - Marquette 1
BOTTOM OF THE 8TH
Marquette Miners batting - Pitching for Long Island Seawolves : LHP Jim Unknown
Batting: SHB Dylan Carson 0-0: Ball
1-0: Called Strike
1-1: SINGLE (Line Drive, 8RS)
Pitching: RHP Jim Unknown
Batting: RHB Félix De La Hoya 0-0: Ball
1-0: Bunted foul
1-1: Ball
2-1: Sac Bunt - play at first, batter OUT! 1-4
Dylan Carson to second
Pinch Hitting: RHB Jim Unknown 0-0: Ball
1-0: Ball
2-0: Ball
3-0: Hit by Pitch
Batting: RHB Ed Adams 0-0: Ball
1-0: Ball
Wild Pitch!
Dylan Carson to third
Jim Unknown to second
2-0: SINGLE (Groundball, 6M)
Dylan Carson scores
Jim Unknown to third
Runner from 3rd tries for Home, SAFE, throw made home
Ed Adams to second
Pinch Hitting: RHB Manuel Herrera 0-0: Called Strike
0-1: Ball
1-1: Foul Ball, location: 2F
1-2: Foul Ball, location: 2F
1-2: Strikes out swinging
Batting: RHB Alfredo Martínez 0-0: Ball
1-0: Ball
2-0: Ball
3-0: Base on Balls
Batting: RHB Dave Moulin 0-0: Ball
1-0: DOUBLE (Line Drive, 9LM)
Ed Adams scores
Alfredo Martínez to third
Runner from 3rd tries for Home, SAFE, no throw or cutoff
Pitching: RHP Jim Unknown
Batting: RHB Ken Little 0-0: Ball
1-0: Called Strike
1-1: Ball
2-1: Ball
3-1: Base on Balls
Batting: RHB Brad Brown 0-0: Called Strike
0-1: Ball
1-1: Called Strike
1-2: Fly out, F4 (Popup, 34)
Bottom of the 8th over - 4 run(s), 3 hit(s), 0 error(s), 2 left on base; Long Island 2 - Marquette 5
TOP OF THE 9TH
Long Island Seawolves batting - Pitching for Marquette Miners : RHP Carlos Ibarra
Pitching: LHP José Tovar
Now at 1B: Jim Unknown
Now at 3B: Manuel Herrera
Batting: RHB Miguel Rodríguez 0-0: Foul Ball, location: 2F
0-1: Called Strike
0-2: Strikes out swinging
Batting: RHB Francisco García 0-0: Ball
1-0: Called Strike
1-1: Fly out, F4 (Popup, 4MD)
Batting: RHB Mario Rivera 0-0: Called Strike
0-1: Ball
1-1: Swinging Strike
1-2: Strikes out swinging
Top of the 9th over - 0 run(s), 0 hit(s), 0 error(s), 0 left on base; Long Island 2 - Marquette 5
This league is powered by Out of the Park Baseball, the baseball management simulation game for PC, Mac and Linux
Friday, July 8th, 2016 - OOTP Baseball 16.9 Build 39